Map: Deathaura LE

Players

Skarlife

  • Race: Protoss Protoss
  • Spawn Location: 5:00

A.I. 1 (Elite) - Winner!

  • Race: Terran Terran
  • Spawn Location: 11:00

VOD

Have the link to the VOD?

Description

Time

  • Played on: Oct. 16, 2020, 1:51 p.m.
  • Length: 4:42
Show
View Real Time Build Order
Export as new Build Order

Skarlife Protoss 

Build Orders:  

Get SALT Encoding   

  12  0:00  Probe  
  13  0:12  Probe  
  14  0:18  Pylon  
  14  0:24  Probe  
  15  0:36  Probe  
  15  0:39  Gateway  
  16  0:45  Assimilator  
  16  0:48  Probe  
  17  1:00  Probe  
  18  1:06  Gateway  
  18  1:15  Probe  
  19  1:27  Probe  
  19  1:30  Cybernetics Core  
  20  1:39  Probe  
  21  1:51  Probe  
  22  1:59  Nexus  
  22  2:07  Pylon  
  22  2:11  Probe  
  22  2:15  Warp Gate  
  23  2:20  Assimilator  
  23  2:25  Probe  
  24  2:38  Probe, Shield Battery  
  24  2:43  Stalker x2  
  29  2:50  Probe  
  30  3:01  Robotics Facility  
  30  3:03  Probe  
  31  3:11  Probe  
  32  3:15  Probe  
  33  3:23  Probe, Stalker x2  
  38  3:27  Probe  
  39  3:35  Probe  
  39  3:39  Probe  
  41  3:59  Shield Battery  
  42  4:03  Observer (Chrono Boost)  
  42  4:09  Gateway  
  42  4:10  Gateway  
  42  4:12  Gateway  
  42  4:15  Observer (Chrono Boost), Pylon, Gateway  
  43  4:17  Robotics Bay  
  43  4:19  Probe x2  
  46  4:40  Pylon  
Show
View Real Time Build Order
Export as new Build Order

A.I. 1 (Elite) Terran - Winner!

Build Orders:  

Get SALT Encoding   

  12  0:00  SCV  
  13  0:13  SCV  
  14  0:19  Supply Depot  
  14  0:25  SCV  
  15  0:28  Refinery  
  15  0:41  SCV  
  16  0:47  Barracks  
  16  0:53  SCV  
  17  1:05  SCV  
  17  1:06  Supply Depot  
  18  1:17  SCV  
  19  1:29  SCV  
  20  1:36  Marine  
  21  1:41  Factory  
  21  1:44  SCV, Barracks  
  22  1:54  Marine  
  22  1:56  SCV  
  22  2:00  Supply Depot  
  24  2:08  SCV  
  25  2:12  Marine  
  26  2:20  SCV  
  27  2:24  Factory Tech Lab  
  27  2:29  Marine  
  27  2:32  SCV  
  27  2:33  Marine  
  30  2:44  SCV  
  30  2:45  Siege Tank  
  34  3:00  Command Center  
  34  3:07  Orbital Command  
  34  3:13  Refinery  
  34  3:23  Marine  
  34  3:26  Marine  
  36  3:33  SCV  
  37  3:41  Marine  
  37  3:44  Marine  
  37  3:45  Supply Depot  
  39  3:56  Barracks  
  39  4:01  Barracks Tech Lab  
  39  4:02  Barracks Tech Lab  
  39  4:07  SCV  
  40  4:12  Starport, SCV  
  41  4:19  SCV  
  42  4:24  SCV  
Tags
 
Matchup
PvT
Spawn Locations
Cross Positions
Add a new tag
Caveats
  • Supply blocks, unpowered buildings, or Contaminate may cause inaccurate times.
  • Supply counts are checked every 10 seconds.